 Dungeon Crawl Stone Soup version 0.31-a0-234-gad7ace16ef (webtiles) character file.

Game seed: 9627757398293543611

76253 qw the Marksminotaur (level 15, -5/138 HPs)
             Began as a Minotaur Hexslinger on July 9, 2023.
             Was an Elder of Okawaru.
             Slain by Urug
             ... wielding a +5 double sword
              (16 damage)
             ... while paralysed by an orc sorcerer
             ... on level 1 of the Orcish Mines.
             The game lasted 00:08:35 (20903 turns).

qw the Marksminotaur (Minotaur Hexslinger)         Turns: 20903, Time: 00:08:36

Health: -5/138     AC: 24    Str: 13    XL:     15   Next: 12%
Magic:  21/21      EV: -1    Int:  8    God:    Okawaru [****..]
Gold:   1271       SH:  0    Dex: 26    Spells: 15/16 levels left

rFire   . . .        Y - +7 triple crossbow
rCold   + . .        (shield currently unavailable)
rNeg    . . .        n - +5 ring mail of Truth {rPois rC+ Int-2 SInv}
rPois   +            h - +2 hat
rElec   .            i - +2 cloak
rCorr   .            b - +2 pair of gloves
SInv    +            t - +1 pair of boots
Will    +....        j - amulet of faith
Stlth   +++          r - +6 ring of dexterity
HPRegen 0.43/turn    k - +5 ring of evasion
MPRegen 0.17/turn

%: faith
@: paralysed, heroic, grasped by roots, slowed, constricted
A: horns 2, retaliatory headbutt
a: Renounce Religion, Heroism, Finesse


You were on level 1 of the Orcish Mines.
You worshipped Okawaru.
Okawaru was greatly pleased with you.
You visited 4 branches of the dungeon, and saw 23 of its levels.

You collected 2510 gold pieces.
You spent 1239 gold pieces at shops.


Innate Abilities, Weirdness & Mutations

You have a pair of horns on your head.
You reflexively headbutt those who attack you in melee.


   Skills:
 - Level 14.0(19.0) Fighting
 + Level 20.7(25.7) Ranged Weapons
 - Level 8.0(13.0) Armour
 - Level 11.0(16.0) Dodging
 - Level 1.0 Spellcasting
 - Level 2.0 Hexes
 - Level 10.0 Invocations


You had 15 spell levels left.
You knew the following spells:

 Your Spells              Type           Power      Damage    Failure   Level
a - Slow                  Hex            12%        N/A       30%         1

Your spell library contained the following spells:

 Spells                   Type           Power      Damage    Failure   Level
 Inner Flame              Hex/Fire       2%         N/A       80%         3
 Portal Projectile        Hex/Tloc       4%         N/A       80%         3
 Cause Fear               Hex            1%         N/A       96%         4

Inventory:

Hand Weapons
 Y - a +7 triple crossbow (weapon)
Armour
 b - a +2 pair of gloves (worn)
 h - a +2 hat (worn)
 i - a +2 cloak (worn)
 n - the +5 ring mail of Truth (worn) {rPois rC+ Int-2 SInv}
   (Okawaru gifted it to you on level 3 of the Lair of Beasts)

   Int:       It affects your intelligence (-2).
   rC:        It protects you from cold.
   rPois:     It protects you from poison.
   SInv:      It lets you see invisible.
 s - a +0 leather armour of fire resistance
 t - a +1 pair of boots (worn)
Jewellery
 j - an amulet of faith (around neck)
 k - a +5 ring of evasion (right hand)
 q - an amulet of reflection
 r - a +6 ring of dexterity (left hand)
Scrolls
 a - 9 scrolls of identify
 g - 3 scrolls of teleportation
Potions
 c - a potion of resistance
 e - 6 potions of cancellation
 f - 3 potions of enlightenment
 l - 2 potions of might
 m - 3 potions of mutation
 o - 7 potions of curing
 p - 2 potions of haste
 v - 2 potions of heal wounds

Dungeon Overview and Level Annotations

Branches:
Dungeon (15/15)            Temple (1/1) D:4            Lair (5/5) D:10
 Shoals (0/4) Lair:3       Spider (0/4) Lair:2        Slime (0/5) Lair:5
    Orc (2/2) D:12            Elf (0/3) Orc:2        Vaults (0/5) D:13
 Depths (0/4) D:15

Altars:
Ashenzari
Cheibriados
Dithmenos
Elyvilon
Fedhas
Gozag
Hepliaklqana
Kikubaaqudgha
Makhleb
Nemelex Xobeh
Okawaru
Qazlal
Ru
Sif Muna
Trog
Uskayaw
Vehumet
Wu Jian
Xom
Yredelemnul
Zin
The Shining One
Jiyva

Shops:
D:7 *   D:10 *   D:11 [   Orc:2 !([**

Portals:
Hell: Lair:5

Annotations:
D:4 4 runed translucent doors, Crazy Yiuf; qw's ghost, amateur MiHs
D:7 2 transporters
D:9 3 runed translucent doors
Orc:1 Jorgrun; Josephine; Urug


Message History

The orc wizard points at you and mumbles some strange words.
The magic dart hits you but does no damage.
The orc hits you but does no damage.
The orc wizard gestures wildly while chanting.
The orc wizard flickers and vanishes for a moment.
Jorgrun hits you with a staff of earth! Jorgrun hits you but does no damage.
The grasping roots constrict you! The orange demon stings you from afar!
The wraith hits you but does no damage. Urug hits you with a +5 double sword.
The orc hits you but does no damage. The orc sorcerer casts a spell at you.
You suddenly lose the ability to move!
The orc wizard hits you but does no damage.
The orc hits you but does no damage.
Jorgrun points at you and mumbles some strange words.
You resist with significant effort. The grasping roots constrict you.
The orange demon stings you but does no damage.
The wraith hits you but does no damage. Urug hits you with a +5 double sword!
The orc hits you but does no damage.
The orc sorcerer hits you with a +0 dagger.
The orc wizard casts a spell at you. The magic dart hits you.
The orc hits you but does no damage.
Jorgrun says, "May tha earth consume ye!"
Jorgrun hits you with a staff of earth! Jorgrun hits you but does no damage.
The grasping roots constrict you.
The orange demon stings you but does no damage.
The wraith hits you but does no damage. Urug hits you with a +5 double sword!!
The orc hits you but does no damage.
The orc sorcerer gestures wildly while chanting.
The orc wizard hits you but does no damage.
The orc hits you but does no damage.
Jorgrun points at you and mumbles some strange words.
The entropic shot hits you! The grasping roots constrict you!!
The orange demon stings you but does no damage.
Josephine screams, "I have something special for you."
Jorgrun hits you with a staff of earth! Jorgrun hits you but does no damage.
The grasping roots constrict you! The orc sorcerer completely misses you.
The orc wizard points at you and mumbles some strange words.
The magic dart hits you! The orc hits you but does no damage. x2
Urug hits you with a +5 double sword!
You die...

#...#....### #..........
. . ......... .# ..
....... ... ...##..W..
... # ......W@o .. ...#
###.
.....oWg#o#.......###..$
#...ooo@oo.# .....#....
....o4ooo.............##
.....o#............#...#
#.....4#.#..............
###.. # .$..........#..#
### .........#.##... .#.
##.. ###.... ..## .
#..).. ##.#..


You could see Jorgrun, Josephine, Urug, an orange demon (summoned), a rust devil
(summoned), 3 wraiths, an orc sorcerer, 2 orc warriors, an orc priest, 3 orc
wizards and 5 orcs.

Vanquished Creatures
  A dire elephant (Lair:5)
  Snorg (D:10)
  A fire dragon (D:15)
  Harold (D:9)
  An ice dragon (D:15)
  A hydra (D:15)
  A catoblepas (D:14)
  3 centaur warriors
  Erica (D:9)
  4 boulder beetles
  2 death knights
  2 two-headed ogres
  2 tengu warriors (D:13)
  7 death yaks
  Sonja (Orc:1)
  A sun demon (Lair:5)
  Nergalle (Orc:1)
  5 skeletal warriors (D:11)
  6 orc knights
  Pikel (D:9)
  4 deep elf pyromancers
  2 wizards
  2 phantasmal warriors
  3 cyclopes
  2 orc sorcerers
  A wolf spider (D:15)
  An oklob plant (Lair:5)
  7 ugly things
  2 manticores
  3 merfolk sirens (Lair:3)
  9 elephants
  An orange demon (Lair:5)
  4 black mambas
  A torpor snail (Lair:5)
  10 cane toads
  2 gargoyles
  A smoke demon (Lair:5)
  9 komodo dragons
  A kobold demonologist (D:13)
  9 rime drakes
  A freezing wraith (D:15)
  A rime drake (shapeshifter) (D:14)
  An efreet (D:14)
  3 ice devils
  A komodo dragon (shapeshifter) (D:14)
  A merfolk (Lair:3)
  5 trolls
  3 meliai (D:13)
  3 red devils (Lair:5)
  Grinder (D:4)
  Prince Ribbit (D:8)
  2 polar bears
  A hornet (D:8)
  4 dream sheep
  17 blink frogs
  A shadow (D:12)
  3 spriggans
  Sigmund (D:6)
  6 wraiths
  4 slime creatures (D:12)
  A spriggan (shapeshifter) (D:14)
  2 vampires
  2 wyverns
  12 yaks
  2 steam dragons
  A basilisk (Lair:4)
  9 vampire mosquitoes
  9 wargs
  4 acid dragons
  14 water moccasins
  Duvessa (D:4)
  4 hell hounds (Lair:5)
  32 orc warriors
  An ice beast (D:6)
  A sky beast (D:8)
  5 black bears
  7 ogres
  7 wolves
  15 centaurs
  14 bullfrogs
  A scorpion (D:7)
  2 gnoll sergeants
  Dowan (D:4)
  8 wights
  3 electric eels
  5 howler monkeys
  3 hounds
  2 jellies (D:6)
  9 orc priests
  2 sleepcaps (D:4)
  5 hell rats (Lair:3)
  An iguana (D:6)
  27 orc wizards
  12 gnolls
  Robin (D:4)
  3 adders
  A white imp (D:7)
  3 worms
  3 dart slugs
  59 orcs
  7 ball pythons
  7 bats
  7 endoplasms
  2 giant cockroaches
  21 goblins
  8 hobgoblins
  7 jackals
  3 quokkas
  14 frilled lizards
  6 kobolds
  4 rats
557 creatures vanquished.

Notes
Turn   | Place    | Note
-------+----------+-------------------------------------------
     0 | D:1      | qw the Minotaur Hexslinger began the quest for the Orb.
     0 | D:1      | Reached XP level 1. HP: 16/16 MP: 1/1
     0 | D:1      | 0 ||| qw: Version: 0.3-a-51-g015441d
     0 | D:1      | 0 ||| qw: Game counter: 4253
     0 | D:1      | 0 ||| qw: Melee chars always use a shield: true
     0 | D:1      | 0 ||| qw: God list: Okawaru
     0 | D:1      | 0 ||| qw: Allow faded altars: false
     0 | D:1      | 0 ||| qw: Do Orc after clearing Dungeon:15 true
     0 | D:1      | 0 ||| qw: Do second Lair branch before Depths: true
     0 | D:1      | 0 ||| qw: Lair rune preference: random
     0 | D:1      | 0 ||| qw: Goals: Normal
     0 | D:1      | 0 ||| PLANNING D:1-11
    98 | D:1      | Reached skill level 3 in Ranged Weapons
    98 | D:1      | Reached XP level 2. HP: 22/23 MP: 2/2
   423 | D:1      | Reached XP level 3. HP: 27/29 MP: 3/3
   484 | D:1      | 484 ||| UPGRADING to +0 leather armour.
   494 | D:1      | 494 ||| DROPPING +0 robe.
   495 | D:1      | 495 ||| UPGRADING to +2 hat.
   500 | D:1      | 500 ||| UPGRADING to +4 ring of protection.
   501 | D:1      | 501 ||| READING 2 scrolls labelled VUIVASHRUANE.
   502 | D:1      | 502 ||| READING scroll labelled LINECONAGY.
   503 | D:1      | 503 ||| DROPPING scroll of poison.
   596 | D:2      | Reached skill level 4 in Ranged Weapons
   622 | D:2      | Found a faded altar of an unknown god.
   753 | D:2      | Found a blossoming altar of Fedhas.
   823 | D:2      | Reached XP level 4. HP: 24/36 MP: 4/4
   988 | D:2      | 988 ||| READING scroll labelled XOHU DYUB FEIG.
   989 | D:2      | 989 ||| READING scroll labelled NAOGGU VEOTUM.
   990 | D:2      | 990 ||| DRINKING 2 purple potions.
   991 | D:2      | 991 ||| DRINKING 2 glowing amethyst potions.
   992 | D:2      | 992 ||| DROPPING potion of magic.
   993 | D:2      | 993 ||| DROPPING potion of attraction.
  1401 | D:3      | Reached skill level 5 in Ranged Weapons
  1409 | D:3      | Reached XP level 5. HP: 15/44 MP: 5/5
  1411 | D:3      | Reached skill level 3 in Fighting
  1766 | D:3      | 1766 ||| UPGRADING to +2 pair of gloves.
  1801 | D:4      | Found a staircase to the Ecumenical Temple.
  1802 | D:4      | 1802 ||| PLANNING TEMPLE
  1807 | D:4      | Noticed Grinder
  1816 | D:4      | Paralysed by Grinder for 4 turns
  1823 | D:4      | Paralysed by Grinder for 5 turns
  1834 | D:4      | Killed Grinder
  1835 | D:4      | Reached skill level 7 in Ranged Weapons
  1835 | D:4      | Reached XP level 6. HP: 20/51 MP: 6/6
  1846 | D:4      | Reached skill level 1 in Armour
  1944 | Temple   | Entered the Ecumenical Temple
  1945 | Temple   | 1945 ||| PLANNING OKAWARU WORSHIP
  2282 | Temple   | Became a worshipper of Warmaster Okawaru
  2283 | Temple   | 2283 ||| PLANNING D:1-11
  2476 | D:4      | Noticed Duvessa
  2476 | D:4      | Noticed Dowan
  2492 | D:4      | Killed Duvessa
  2493 | D:4      | Reached XP level 7. HP: 59/59 MP: 7/7
  2497 | D:4      | Killed Dowan
  2528 | D:4      | Found a runed translucent gate.
  2529 | D:4      | Found a runed translucent gate.
  2531 | D:4      | Found a runed translucent gate.
  2531 | D:4      | Noticed qw's ghost (amateur MiHs)
  2586 | D:4      | Noticed Robin
  2588 | D:4      | 2588 ||| Stepping ~*~*~tactically~*~*~ (outnumbered).
  2589 | D:4      | Reached * piety under Okawaru
  2601 | D:4      | 2601 ||| INVOKING Heroism.
  2611 | D:4      | Killed Robin
  2612 | D:4      | Reached skill level 8 in Ranged Weapons
  2699 | D:4      | Found an ornate altar of the Wu Jian Council.
  2986 | D:4      | Found a runed translucent door.
  2987 | D:4      | Noticed Crazy Yiuf
  3175 | D:4      | 3175 ||| UPGRADING to +0 ring mail.
  3185 | D:4      | 3185 ||| DROPPING +0 leather armour.
  3186 | D:4      | 3186 ||| DROPPING ring of ice.
  3187 | D:4      | 3187 ||| DROPPING ring of flight.
  3188 | D:4      | 3188 ||| UPGRADING to +5 ring of evasion.
  3189 | D:4      | 3189 ||| DRINKING 2 fuming blue potions.
  3190 | D:4      | 3190 ||| DRINKING 2 fizzy orange potions.
  3191 | D:4      | 3191 ||| DROPPING potion of degeneration.
  3223 | D:5      | Entered Level 5 of the Dungeon
  3228 | D:5      | 3228 ||| STAIRDANCE
  3385 | D:5      | 3385 ||| Stepping ~*~*~tactically~*~*~ (outnumbered).
  3393 | D:5      | 3393 ||| INVOKING Heroism.
  3405 | D:5      | 3405 ||| INVOKING Heroism.
  3652 | D:5      | Found a broken altar of Ashenzari.
  3896 | D:5      | 3896 ||| UPGRADING to +0 cloak.
  3901 | D:5      | 3901 ||| READING scroll of enchant armour.
  3901 | D:5      | 3901 ||| ENCHANTING +0 cloak.
  3902 | D:5      | 3902 ||| READING scroll labelled COUFRAU XUJE.
  3903 | D:5      | 3903 ||| READING scroll labelled FAHOFA LE WIXO.
  3999 | D:5      | 3999 ||| READING scroll labelled TAQIKHL NUTALE.
  4021 | D:6      | Found an opulent altar of Gozag.
  4033 | D:6      | 4033 ||| STAIRDANCE
  4038 | D:5      | Reached skill level 9 in Ranged Weapons
  4038 | D:5      | Reached XP level 8. HP: 24/68 MP: 8/8
  4322 | D:6      | Reached skill level 3 in Dodging
  4475 | D:6      | Reached skill level 1 in Invocations
  4507 | D:6      | 4507 ||| INVOKING Heroism.
  4533 | D:6      | 4533 ||| INVOKING Heroism.
  4534 | D:6      | Noticed Sigmund
  4548 | D:6      | Reached skill level 6 in Fighting
  4557 | D:6      | Killed Sigmund
  4558 | D:6      | Reached skill level 3 in Invocations
  4706 | D:6      | 4706 ||| SWAPPING to +0 orcbow.
  4711 | D:6      | 4711 ||| DROPPING +1 sling of draining.
  4937 | D:6      | 4937 ||| UPGRADING to +0 ring mail of poison resistance.
  4947 | D:6      | 4947 ||| DROPPING +0 ring mail.
  4948 | D:6      | 4948 ||| UPGRADING to amulet of faith.
  4953 | D:6      | 4953 ||| DRINKING 2 fuming orange potions.
  5046 | D:6      | Reached ** piety under Okawaru
  5047 | D:6      | Reached skill level 10 in Ranged Weapons
  5059 | D:7      | Reached XP level 9. HP: 75/75 MP: 11/11
  5221 | D:7      | 5221 ||| Stepping ~*~*~tactically~*~*~ (outnumbered).
  5224 | D:7      | Reached skill level 3 in Armour
  5229 | D:7      | 5229 ||| Stepping ~*~*~tactically~*~*~ (outnumbered).
  5251 | D:7      | 5251 ||| DRINKING potion of curing.
  5251 | D:7      | 5251 ||| (to cure confusion)
  5252 | D:7      | 5252 ||| INVOKING Heroism.
  5396 | D:7      | Found a transporter.
  5488 | D:7      | Found Heityati's Lightly-Used Armoury.
  5504 | D:7      | 5504 ||| BUYING -1 longbow (22 gold).
  5504 | D:7      | Bought a -1 longbow for 22 gold pieces
  5504 | D:7      | 5504 ||| BUYING -2 triple crossbow (1 gold).
  5504 | D:7      | Bought a -2 triple crossbow for 1 gold piece
  5504 | D:7      | 5504 ||| SWAPPING to -2 triple crossbow.
  5505 | D:7      | 5505 ||| DROPPING +0 orcbow.
  5506 | D:7      | 5506 ||| DROPPING -1 longbow.
  5654 | D:7      | Found a transporter.
  5882 | D:7      | 5882 ||| DROPPING scarf of shadows.
  5883 | D:7      | 5883 ||| READING scroll labelled QECUZODWOTI.
  5884 | D:7      | 5884 ||| READING scroll labelled HOJOREEVVY.
  5885 | D:7      | 5885 ||| DRINKING 2 pink potions.
  5886 | D:7      | 5886 ||| READING 2 scrolls of identify.
  5886 | D:7      | 5886 ||| IDENTIFYING blue potion
  5998 | D:6      | Found a white marble altar of Elyvilon.
  5998 | D:6      | Found an ancient bone altar of Kikubaaqudgha.
  6022 | D:8      | 6022 ||| INVOKING Heroism.
  6165 | D:8      | Noticed Prince Ribbit
  6166 | D:8      | 6166 ||| INVOKING Heroism.
  6168 | D:8      | Killed Prince Ribbit
  6169 | D:8      | Reached skill level 11 in Ranged Weapons
  6226 | D:8      | Reached *** piety under Okawaru
  6246 | D:8      | 6246 ||| INVOKING Heroism.
  6392 | D:8      | 6392 ||| READING scroll of enchant weapon.
  6392 | D:8      | 6392 ||| ENCHANTING -1 triple crossbow.
  6445 | D:8      | Reached skill level 12 in Ranged Weapons
  6465 | D:8      | 6465 ||| READING scroll of enchant weapon.
  6465 | D:8      | 6465 ||| ENCHANTING +0 triple crossbow.
  6739 | D:8      | 6739 ||| READING 2 scrolls of identify.
  6739 | D:8      | 6739 ||| IDENTIFYING glowing coppery potion
  6740 | D:8      | 6740 ||| DROPPING potion of lignification.
  6808 | D:9      | Noticed Harold
  6809 | D:9      | 6809 ||| INVOKING Heroism.
  6811 | D:9      | Noticed Erica
  6819 | D:9      | Killed Harold
  6820 | D:9      | Reached skill level 9 in Fighting
  6820 | D:9      | Reached XP level 10. HP: 67/91 MP: 12/12
  6826 | D:9      | 6826 ||| DRINKING potion of curing.
  6826 | D:9      | 6826 ||| (to cure confusion)
  6827 | D:9      | 6827 ||| INVOKING Heroism.
  6830 | D:9      | Reached **** piety under Okawaru
  6833 | D:9      | Killed Erica
  6984 | D:9      | 6984 ||| READING scroll of enchant armour.
  6984 | D:9      | 6984 ||| ENCHANTING +1 cloak.
  7040 | D:9      | 7040 ||| INVOKING Heroism.
  7210 | D:9      | Found a runed translucent gate.
  7211 | D:9      | Found a runed translucent gate.
  7212 | D:9      | Found a runed translucent gate.
  7215 | D:9      | Noticed a white ugly thing
  7215 | D:9      | Noticed a cyan ugly thing
  7215 | D:9      | Noticed a purple ugly thing
  7215 | D:9      | Noticed a glowing orange brain
  7216 | D:9      | Noticed a white ugly thing
  7216 | D:9      | Noticed a purple ugly thing
  7252 | D:9      | Noticed Pikel
  7258 | D:9      | Killed Pikel
  7355 | D:9      | 7355 ||| DRINKING potion of curing.
  7355 | D:9      | 7355 ||| (to cure confusion)
  7361 | D:9      | Reached skill level 6 in Invocations
  7480 | D:9      | 7480 ||| READING 2 scrolls of identify.
  7480 | D:9      | 7480 ||| IDENTIFYING puce potion
  7507 | D:10     | Entered Level 10 of the Dungeon
  7516 | D:10     | 7516 ||| STAIRDANCE
  7807 | D:10     | Noticed Snorg
  7808 | D:10     | 7808 ||| INVOKING Heroism.
  7819 | D:10     | HP: 17/91 [Snorg (15)]
  7820 | D:10     | 7820 ||| READING 2 scrolls of teleportation.
  7821 | D:10     | 7821 ||| DRINKING potion of heal wounds.
  7821 | D:10     | Killed Snorg
  7821 | D:10     | Reached ***** piety under Okawaru
  7822 | D:10     | Reached skill level 13 in Ranged Weapons
  8023 | D:10     | Found Suboaqet's Assorted Antiques.
  8133 | D:10     | Found a glowing golden altar of the Shining One.
  8186 | D:10     | Noticed a two-headed ogre
  8187 | D:10     | 8187 ||| INVOKING Heroism.
  8195 | D:10     | Killed a two-headed ogre
  8196 | D:10     | Reached XP level 11. HP: 49/97 MP: 13/15
  8377 | D:10     | Found a staircase to the Lair.
  8415 | D:10     | 8415 ||| Stepping ~*~*~tactically~*~*~ (outnumbered).
  8418 | D:10     | 8418 ||| Stepping ~*~*~tactically~*~*~ (outnumbered).
  8445 | D:10     | 8445 ||| INVOKING Heroism.
  8625 | D:10     | 8625 ||| INVOKING Heroism.
  8690 | D:10     | Noticed a flayed ghost
  8871 | D:10     | 8871 ||| BUYING scroll labelled UHAAPLONUPH (25 gold).
  8871 | D:10     | Bought a scroll labelled UHAAPLONUPH for 25 gold pieces
  8871 | D:10     | 8871 ||| BUYING scroll of identify (50 gold).
  8871 | D:10     | Bought a scroll of identify for 50 gold pieces
  8937 | D:10     | 8937 ||| PLANNING LAIR
  8937 | D:10     | 8937 ||| READING scroll labelled UHAAPLONUPH.
  8938 | D:10     | 8938 ||| READING 3 scrolls of identify.
  8938 | D:10     | 8938 ||| IDENTIFYING yellow potion
  8939 | D:10     | 8939 ||| DROPPING potion of brilliance.
  8973 | Lair:1   | Entered Level 1 of the Lair of Beasts
  9068 | Lair:1   | 9068 ||| INVOKING Heroism.
  9199 | Lair:1   | 9199 ||| INVOKING Heroism.
  9209 | Lair:1   | Reached skill level 14 in Ranged Weapons
  9213 | Lair:1   | 9213 ||| INVOKING Heroism.
  9223 | Lair:1   | HP: 23/97 [komodo dragon (11)]
  9224 | Lair:1   | 9224 ||| READING 3 scrolls of teleportation.
  9227 | Lair:1   | Reached skill level 6 in Dodging
  9335 | Lair:1   | 9335 ||| FLEEEEING.
  9336 | Lair:1   | 9336 ||| FLEEEEING.
  9337 | Lair:1   | 9337 ||| FLEEEEING.
  9338 | Lair:1   | 9338 ||| FLEEEEING.
  9339 | Lair:1   | 9339 ||| FLEEEEING.
  9340 | Lair:1   | 9340 ||| FLEEEEING.
  9341 | Lair:1   | 9341 ||| FLEEEEING.
  9345 | Lair:1   | 9345 ||| FLEEEEING.
  9346 | Lair:1   | 9346 ||| FLEEEEING.
  9348 | Lair:1   | 9348 ||| FLEEEEING.
  9349 | Lair:1   | 9349 ||| FLEEEEING.
  9350 | Lair:1   | 9350 ||| FLEEEEING.
  9351 | Lair:1   | 9351 ||| FLEEEEING.
  9352 | Lair:1   | 9352 ||| FLEEEEING.
  9353 | Lair:1   | 9353 ||| FLEEEEING.
  9354 | Lair:1   | 9354 ||| STAIRDANCE
  9430 | Lair:1   | 9430 ||| INVOKING Heroism.
  9435 | Lair:1   | Reached skill level 9 in Invocations
  9499 | Lair:1   | 9499 ||| INVOKING Heroism.
  9684 | Lair:1   | 9684 ||| INVOKING Heroism.
 10166 | Lair:2   | 10166 ||| INVOKING Heroism.
 10191 | Lair:2   | 10191 ||| READING scroll of enchant weapon.
 10191 | Lair:2   | 10191 ||| ENCHANTING +1 triple crossbow.
 10367 | Lair:2   | 10367 ||| INVOKING Heroism.
 10502 | Lair:2   | Found a hole to the Spider Nest.
 10990 | Lair:2   | 10990 ||| INVOKING Heroism.
 11061 | Lair:2   | 11061 ||| READING scroll of enchant weapon.
 11061 | Lair:2   | 11061 ||| ENCHANTING +2 triple crossbow.
 11303 | Lair:2   | 11303 ||| READING scroll labelled SESEEZXURCH.
 11337 | Lair:3   | 11337 ||| INVOKING Heroism.
 11353 | Lair:3   | Reached XP level 12. HP: 83/106 MP: 18/18
 11368 | Lair:3   | Noticed a boulder beetle
 11369 | Lair:3   | 11369 ||| INVOKING Finesse.
 11377 | Lair:3   | Killed a boulder beetle
 11378 | Lair:3   | Reached skill level 15 in Ranged Weapons
 11402 | Lair:3   | 11402 ||| STAIRDANCE
 11582 | Lair:3   | 11582 ||| INVOKING Heroism.
 11645 | Lair:3   | Noticed a death yak
 11647 | Lair:3   | 11647 ||| INVOKING Heroism.
 11647 | Lair:3   | Noticed a death yak
 11648 | Lair:3   | 11648 ||| INVOKING Finesse.
 11653 | Lair:3   | Noticed a death yak
 11653 | Lair:3   | Noticed a death yak
 11656 | Lair:3   | Killed a death yak
 11658 | Lair:3   | Noticed a death yak
 11659 | Lair:3   | Killed a death yak
 11664 | Lair:3   | Killed a death yak
 11668 | Lair:3   | Killed a death yak
 11669 | Lair:3   | Reached skill level 16 in Ranged Weapons
 11675 | Lair:3   | Killed a death yak
 11675 | Lair:3   | Identified the +5 ring mail of Truth {rPois rC+ Int-2 SInv}
                  | (Okawaru gifted it to you on level 3 of the Lair of Beasts)
 11675 | Lair:3   | Received a gift from Okawaru
 11700 | Lair:3   | 11700 ||| INVOKING Heroism.
 11773 | Lair:3   | 11773 ||| INVOKING Heroism.
 12062 | Lair:3   | Found a staircase to the Shoals.
 12245 | Lair:3   | Reached skill level 17 in Ranged Weapons
 12416 | Lair:3   | 12416 ||| DROPPING +2 robe of willpower.
 12417 | Lair:3   | 12417 ||| UPGRADING to +5 ring mail of Truth {rPois rC+
                  | Int-2 SInv}.
 12427 | Lair:3   | 12427 ||| DROPPING +0 ring mail of poison resistance.
 12428 | Lair:3   | 12428 ||| DROPPING +0 acid dragon scales.
 12429 | Lair:3   | 12429 ||| UPGRADING to +0 pair of boots.
 12434 | Lair:3   | 12434 ||| READING scroll of enchant armour.
 12434 | Lair:3   | 12434 ||| ENCHANTING +0 pair of boots.
 12665 | Lair:4   | Reached skill level 6 in Armour
 12668 | Lair:4   | Reached XP level 13. HP: 101/116 MP: 19/19
 12789 | Lair:4   | 12789 ||| DRINKING 4 potions of cancellation.
 12809 | Lair:4   | 12809 ||| INVOKING Heroism.
 12888 | Lair:4   | 12888 ||| INVOKING Heroism.
 12910 | Lair:4   | Received a gift from Okawaru
 13137 | Lair:4   | 13137 ||| INVOKING Heroism.
 13245 | Lair:4   | 13245 ||| READING 2 scrolls of identify.
 13245 | Lair:4   | 13245 ||| IDENTIFYING red potion
 13249 | Lair:4   | 13249 ||| Stepping ~*~*~tactically~*~*~ (water).
 13432 | Lair:5   | Entered Level 5 of the Lair of Beasts
 13448 | Lair:5   | 13448 ||| STAIRDANCE
 13491 | Lair:5   | 13491 ||| READING scroll of enchant weapon.
 13491 | Lair:5   | 13491 ||| ENCHANTING +3 triple crossbow.
 13624 | Lair:5   | Received a gift from Okawaru
 13627 | Lair:5   | 13627 ||| INVOKING Heroism.
 13643 | Lair:5   | Reached skill level 18 in Ranged Weapons
 13788 | Lair:5   | 13788 ||| INVOKING Heroism.
 13789 | Lair:5   | 13789 ||| INVOKING Finesse.
 13947 | Lair:5   | Found a staircase to the Slime Pits.
 13947 | Lair:5   | Found a viscous altar of Jiyva.
 14124 | Lair:5   | 14124 ||| INVOKING Heroism.
 14149 | Lair:5   | 14149 ||| INVOKING Finesse.
 14152 | Lair:5   | Reached skill level 12 in Fighting
 14262 | Lair:5   | Found a burning altar of Makhleb.
 14263 | Lair:5   | 14263 ||| Stepping ~*~*~tactically~*~*~ (outnumbered).
 14266 | Lair:5   | 14266 ||| INVOKING Heroism.
 14267 | Lair:5   | 14267 ||| INVOKING Finesse.
 14269 | Lair:5   | 14269 ||| Stepping ~*~*~tactically~*~*~ (outnumbered).
 14271 | Lair:5   | 14271 ||| Stepping ~*~*~tactically~*~*~ (outnumbered).
 14326 | Lair:5   | 14326 ||| INVOKING Heroism.
 14340 | Lair:5   | Found a gateway to Hell.
 14533 | Lair:5   | Noticed a dire elephant
 14534 | Lair:5   | 14534 ||| INVOKING Heroism.
 14539 | Lair:5   | Killed a dire elephant
 14588 | Lair:5   | 14588 ||| PLANNING D:1-11
 14588 | Lair:5   | 14588 ||| DROPPING +2 hat of intelligence.
 14589 | Lair:5   | 14589 ||| DROPPING amulet of guardian spirit.
 14590 | Lair:5   | 14590 ||| UPGRADING to +6 ring of dexterity.
 14593 | Lair:5   | 14593 ||| DROPPING +4 ring of protection.
 14708 | D:11     | 14708 ||| PLANNING GAUNTLET
 14728 | D:11     | 14728 ||| INVOKING Heroism.
 14870 | D:11     | Found Naamijee's Antique Armour Shop.
 14875 | D:11     | 14875 ||| BUYING dyed leather armour (200 gold).
 14875 | D:11     | Bought a dyed leather armour for 200 gold pieces
 15036 | D:11     | Found a shimmering blue altar of Sif Muna.
 15103 | D:11     | 15103 ||| RIP GAUNTLET
 15110 | D:11     | 15110 ||| PLANNING D:1-11
 15121 | D:11     | You fall into a shaft and drop 3 floors!
 15123 | D:14     | 15123 ||| INVOKING Heroism.
 15141 | D:14     | 15141 ||| DROPPING +1 leather armour of cold resistance.
 15142 | D:14     | 15142 ||| DROPPING +3 leather armour of willpower.
 15230 | D:13     | Reached skill level 9 in Dodging
 15235 | D:13     | 15235 ||| INVOKING Heroism.
 15369 | D:13     | 15369 ||| INVOKING Heroism.
 15473 | D:13     | 15473 ||| READING scroll labelled GOYSTR FIEBI.
 15489 | D:12     | 15489 ||| INVOKING Heroism.
 15498 | D:12     | 15498 ||| DRINKING 7 potions of curing.
 15498 | D:12     | 15498 ||| (to cure confusion)
 15598 | D:12     | 15598 ||| INVOKING Heroism.
 15604 | D:12     | Reached XP level 14. HP: 64/126 MP: 18/20
 15605 | D:12     | 15605 ||| DRINKING 6 potions of curing.
 15605 | D:12     | 15605 ||| (to cure confusion)
 15772 | D:12     | 15772 ||| DROPPING +1 hat.
 15793 | D:11     | 15793 ||| INVOKING Heroism.
 15805 | D:11     | Reached skill level 19 in Ranged Weapons
 15928 | D:11     | 15928 ||| PLANNING D
 15983 | D:12     | 15983 ||| INVOKING Heroism.
 15984 | D:12     | 15984 ||| INVOKING Finesse.
 16073 | D:12     | 16073 ||| INVOKING Heroism.
 16227 | D:12     | 16227 ||| READING scroll of enchant weapon.
 16227 | D:12     | 16227 ||| ENCHANTING +4 triple crossbow.
 16241 | D:12     | Found a staircase to the Orcish Mines.
 16592 | D:13     | 16592 ||| Stepping ~*~*~tactically~*~*~ (outnumbered).
 16593 | D:13     | 16593 ||| INVOKING Heroism.
 16717 | D:13     | 16717 ||| Stepping ~*~*~tactically~*~*~ (outnumbered).
 16743 | D:13     | 16743 ||| INVOKING Heroism.
 16748 | D:13     | HP: 27/129 [death knight/+3 broad axe (21)]
 16749 | D:13     | 16749 ||| READING 3 scrolls of teleportation.
 16750 | D:13     | 16750 ||| DRINKING 2 potions of heal wounds.
 16977 | D:13     | 16977 ||| Stepping ~*~*~tactically~*~*~ (outnumbered).
 17151 | D:13     | Found a gate to the Vaults.
 17178 | D:13     | 17178 ||| READING scroll of enchant weapon.
 17178 | D:13     | 17178 ||| ENCHANTING +5 triple crossbow.
 17335 | D:13     | 17335 ||| FLEEEEING.
 17336 | D:13     | 17336 ||| FLEEEEING.
 17337 | D:13     | 17337 ||| FLEEEEING.
 17338 | D:13     | 17338 ||| FLEEEEING.
 17339 | D:13     | 17339 ||| FLEEEEING.
 17340 | D:13     | 17340 ||| FLEEEEING.
 17341 | D:13     | 17341 ||| FLEEEEING.
 17342 | D:13     | 17342 ||| FLEEEEING.
 17343 | D:13     | 17343 ||| FLEEEEING.
 17344 | D:13     | 17344 ||| FLEEEEING.
 17345 | D:13     | 17345 ||| FLEEEEING.
 17346 | D:13     | 17346 ||| FLEEEEING.
 17351 | D:13     | 17351 ||| FLEEEEING.
 17352 | D:13     | 17352 ||| FLEEEEING.
 17353 | D:13     | 17353 ||| FLEEEEING.
 17354 | D:13     | 17354 ||| FLEEEEING.
 17356 | D:13     | 17356 ||| FLEEEEING.
 17357 | D:13     | 17357 ||| FLEEEEING.
 17358 | D:13     | 17358 ||| FLEEEEING.
 17359 | D:13     | 17359 ||| FLEEEEING.
 17360 | D:13     | 17360 ||| FLEEEEING.
 17361 | D:13     | 17361 ||| FLEEEEING.
 17366 | D:13     | 17366 ||| FLEEEEING.
 17367 | D:13     | 17367 ||| FLEEEEING.
 17368 | D:13     | 17368 ||| FLEEEEING.
 17369 | D:13     | 17369 ||| FLEEEEING.
 17370 | D:13     | 17370 ||| FLEEEEING.
 17371 | D:13     | 17371 ||| FLEEEEING.
 17372 | D:13     | 17372 ||| FLEEEEING.
 17373 | D:13     | 17373 ||| FLEEEEING.
 17374 | D:13     | 17374 ||| FLEEEEING.
 17380 | D:13     | 17380 ||| FLEEEEING.
 17381 | D:13     | 17381 ||| FLEEEEING.
 17382 | D:13     | 17382 ||| FLEEEEING.
 17395 | D:13     | 17395 ||| FLEEEEING.
 17396 | D:13     | 17396 ||| FLEEEEING.
 17397 | D:13     | 17397 ||| FLEEEEING.
 17398 | D:13     | 17398 ||| FLEEEEING.
 17399 | D:13     | 17399 ||| STAIRDANCE
 17489 | D:12     | 17489 ||| DROPPING scarf of harm.
 17493 | D:13     | 17493 ||| STAIRDANCE
 17649 | D:13     | 17649 ||| STAIRDANCE
 17866 | D:13     | Identified the +8 arbalest of the Final Decision {freeze,
                  | rPois rC+ Str-3} (Okawaru gifted it to you on level 13 of
                  | the Dungeon)
 17866 | D:13     | Received a gift from Okawaru
 18389 | D:14     | 18389 ||| INVOKING Heroism.
 18390 | D:14     | 18390 ||| INVOKING Finesse.
 18393 | D:14     | 18393 ||| Stepping ~*~*~tactically~*~*~ (cloud).
 18396 | D:14     | 18396 ||| Stepping ~*~*~tactically~*~*~ (cloud).
 18400 | D:14     | Reached skill level 20 in Ranged Weapons
 18627 | D:14     | 18627 ||| DROPPING +2 ring mail of cold resistance.
 18633 | D:15     | Entered Level 15 of the Dungeon
 18737 | D:15     | 18737 ||| INVOKING Heroism.
 18762 | D:15     | 18762 ||| Stepping ~*~*~tactically~*~*~ (outnumbered).
 18763 | D:15     | 18763 ||| Stepping ~*~*~tactically~*~*~ (outnumbered).
 18778 | D:15     | 18778 ||| READING scroll of enchant weapon.
 18778 | D:15     | 18778 ||| ENCHANTING +6 triple crossbow.
 18795 | D:15     | 18795 ||| INVOKING Heroism.
 18796 | D:15     | 18796 ||| INVOKING Finesse.
 18843 | D:15     | 18843 ||| INVOKING Heroism.
 18923 | D:15     | Found a staircase to the Depths.
 19265 | D:15     | 19265 ||| FLEEEEING.
 19266 | D:15     | 19266 ||| FLEEEEING.
 19267 | D:15     | 19267 ||| FLEEEEING.
 19268 | D:15     | 19268 ||| FLEEEEING.
 19359 | D:15     | Found a broken altar of Ashenzari.
 19446 | D:15     | 19446 ||| INVOKING Heroism.
 19504 | D:15     | 19504 ||| INVOKING Heroism.
 19509 | D:15     | Received a gift from Okawaru
 19591 | D:15     | 19591 ||| PLANNING ORC
 19591 | D:15     | 19591 ||| READING scroll labelled ADDINU TUSTAN.
 19661 | Orc:1    | Entered Level 1 of the Orcish Mines
 19751 | Orc:1    | You fall into a shaft and drop 1 floor!
 19751 | Orc:2    | Entered Level 2 of the Orcish Mines
 19821 | Orc:1    | Noticed Sonja
 19822 | Orc:1    | 19822 ||| INVOKING Finesse.
 19826 | Orc:1    | Killed Sonja
 19830 | Orc:1    | Noticed Nergalle
 19837 | Orc:1    | Killed Nergalle
 20092 | Orc:2    | 20092 ||| Stepping ~*~*~tactically~*~*~ (outnumbered).
 20094 | Orc:2    | 20094 ||| Stepping ~*~*~tactically~*~*~ (outnumbered).
 20105 | Orc:2    | 20105 ||| Stepping ~*~*~tactically~*~*~ (outnumbered).
 20107 | Orc:2    | 20107 ||| Stepping ~*~*~tactically~*~*~ (outnumbered).
 20110 | Orc:2    | Reached XP level 15. HP: 138/138 MP: 21/21
 20114 | Orc:2    | 20114 ||| INVOKING Heroism.
 20139 | Orc:2    | HP: 30/138 [orc knight/+0 broad axe (17)]
 20140 | Orc:2    | 20140 ||| READING 3 scrolls of teleportation.
 20141 | Orc:2    | 20141 ||| DRINKING potion of heal wounds.
 20144 | Orc:2    | 20144 ||| FLEEEEING.
 20148 | Orc:2    | 20148 ||| FLEEEEING.
 20149 | Orc:2    | 20149 ||| FLEEEEING.
 20150 | Orc:2    | 20150 ||| FLEEEEING.
 20151 | Orc:2    | 20151 ||| FLEEEEING.
 20152 | Orc:2    | 20152 ||| FLEEEEING.
 20155 | Orc:2    | 20155 ||| INVOKING Heroism.
 20457 | Orc:2    | Found Zuos Bon's Assorted Antiques.
 20457 | Orc:2    | Found Lomyal's Armour Shoppe.
 20459 | Orc:2    | Found Koer's Weapon Emporium.
 20461 | Orc:2    | Found Xyutacai's Assorted Antiques.
 20470 | Orc:2    | 20470 ||| BUYING lumpy cyan potion (18 gold).
 20470 | Orc:2    | Bought a lumpy cyan potion for 18 gold pieces
 20470 | Orc:2    | 20470 ||| BUYING potion of curing (63 gold).
 20470 | Orc:2    | Bought a potion of curing for 63 gold pieces
 20470 | Orc:2    | 20470 ||| BUYING scroll of teleportation (63 gold).
 20470 | Orc:2    | Bought a scroll of teleportation for 63 gold pieces
 20520 | Orc:2    | 20520 ||| BUYING +0 leather armour of fire resistance (144
                  | gold).
 20520 | Orc:2    | Bought a +0 leather armour of fire resistance for 144 gold
                  | pieces
 20530 | Orc:2    | 20530 ||| BUYING scroll labelled BORCHI XOURUBO (27 gold).
 20530 | Orc:2    | Bought a scroll labelled BORCHI XOURUBO for 27 gold pieces
 20530 | Orc:2    | 20530 ||| BUYING scroll of identify (54 gold).
 20530 | Orc:2    | Bought a scroll of identify for 54 gold pieces
 20582 | Orc:2    | Found a staircase to the Elven Halls.
 20707 | Orc:2    | 20707 ||| INVOKING Heroism.
 20728 | Orc:2    | Found Vepnunn's Distillery.
 20736 | Orc:2    | 20736 ||| BUYING 2 potions of cancellation (208 gold).
 20736 | Orc:2    | Bought 2 potions of cancellation for 208 gold pieces
 20736 | Orc:2    | 20736 ||| BUYING potion of cancellation (104 gold).
 20736 | Orc:2    | Bought a potion of cancellation for 104 gold pieces
 20736 | Orc:2    | 20736 ||| BUYING potion of haste (130 gold).
 20736 | Orc:2    | Bought a potion of haste for 130 gold pieces
 20736 | Orc:2    | 20736 ||| BUYING potion of heal wounds (65 gold).
 20736 | Orc:2    | Bought a potion of heal wounds for 65 gold pieces
 20736 | Orc:2    | 20736 ||| BUYING potion of heal wounds (65 gold).
 20736 | Orc:2    | Bought a potion of heal wounds for 65 gold pieces
 20861 | Orc:2    | 20861 ||| READING scroll labelled BORCHI XOURUBO.
 20862 | Orc:2    | 20862 ||| READING 10 scrolls of identify.
 20862 | Orc:2    | 20862 ||| IDENTIFYING lumpy cyan potion
 20863 | Orc:2    | 20863 ||| DROPPING potion of berserk rage.
 20888 | Orc:1    | Noticed Jorgrun
 20889 | Orc:1    | 20889 ||| PLANNING SPIDER:1-3
 20889 | Orc:1    | 20889 ||| INVOKING Heroism.
 20889 | Orc:1    | Noticed Urug
 20891 | Orc:1    | Noticed Josephine
 20892 | Orc:1    | Paralysed by an orc sorcerer for 3 turns
 20900 | Orc:1    | Paralysed by an orc sorcerer for 4 turns
 20903 | Orc:1    | HP: 28/138 [Jorgrun/staff of earth (8)]
 20903 | Orc:1    | HP: 11/138 [orc wizard/magic dart (9)]
 20903 | Orc:1    | Slain by Urug

Levels and vault maps discovered:
D:1:      dpeg_arrival_prison, layout_rooms, minmay_misc_feat_ornament,
          minmay_lizard_king
D:2:      layout_rooms, basic_altar, shapermc_ecumenical_altar_mp_highgroup,
          kennysheep_nub, glass_columns_a
D:3:      layout_loops_cross
D:4:      layout_loops_ring, mainiacjoe_overflow_surrounded_room,
          minmay_temple_entry_grid, gammafunk_ghost_nasty_kobolds,
          kennysheep_generic_room_11, uniq_grinder, uniq_duvessa,
          uniq_crazy_yiuf_cottage, uniq_robin
D:5:      layout_rooms, kennysheep_mini_moat, serial_curves, eino_curves_02,
          eino_curves_01, eino_curves_04
D:6:      layout_basic, nicolae_overflow_hidden_temple, minmay_misc_feat_rows,
          minmay_misc_feat_tiny, uniq_sigmund
D:7:      gammafunk_steamed_eel, layout_basic, st_stairs_1, minmay_shop_damaged,
          hangedman_decor_diamond_cutter, nicolae_eternal_life
D:8:      layout_gridville, grunt_ministairs_7, grunt_decor_mini_mirrors,
          uniq_prince_ribbit1
D:9:      layout_cave_pools, ploomutoo_gammafunk_ghost_potion_laboratory,
          dk_noncrumbling_4, grunt_ogre_cave, uniq_harold, uniq_pikel,
          uniq_erica
D:10:     layout_gridville, mainiacjoe_overflow_paths, dpeg_oklobed_lair,
          serial_shops, nicolae_inconvenience_store, wad_dig_loot, uniq_snorg
D:11:     layout_roguey, gauntlet_entry_generic, serial_shops,
          nicolae_shop_just_a_little_nook, nicolae_wwwww, led_sif_book
D:12:     layout_basic, orc_0_dummy, the_hattery
D:13:     layout_stronghold, david_vaults_1, lightli_minifort
D:14:     layout_long_grid, kennysheep_big_empty_room,
          nicolae_straight_to_the_point
D:15:     grunt_enter_depths_hoard, layout_gridville, minivault_4, minivault_26,
          ashenzari_conservatory_becter
Temple:   compressed_dpeg_triangle_lava_temple
Lair:1:   layout_regular_city, grunt_megastairs_5
Lair:2:   layout_layer_cave, spider_nest_entry_web_field
Lair:3:   layout_misc_corridors, elwin_shoals_entry_stream,
          portal_ice_cave_demonic_guard, st_stairs_7,
          chequers_serial_rivers_small_3, pdpol_lair_neglected_garden,
          infiniplex_staircase_pool_2
Lair:4:   layout_cave_pods, forest_entry_grove, lemuel_fruit_tree,
          serial_bayou_shore_a
Lair:5:   evil_forest, layout_cellular_growth, slime_entry_1
Orc:1:    layout_caves, mines_bat_river, uniq_josephine, uniq_jorgrun,
          uniq_sonja, uniq_nergalle, uniq_urug
Orc:2:    st_orc_rangers, layout_caves, serial_shops, nicolae_shop_statue_plus,
          basic_altar

Skill      XL: |  1  2  3  4  5  6  7  8  9 10 11 12 13 14 |
---------------+-------------------------------------------+-----
Ranged Weapons | 3 4 5 7 9 10 12 13 14 17 18 20 | 20.7
Fighting       | 2 3 4 5 6 9 10 11 12 14 | 14.0
Armour         | 1 2 3 4 6 7 8 |  8.0
Dodging        | 3 4 5 6 7 10 11 | 11.0
Invocations    | 4 7 10 | 10.0
Spellcasting   | |  1.0
Hexes          | |  2.0

Action                     |  1- 3 |  4- 6 |  7- 9 | 10-12 | 13-15 || total
---------------------------+-------+-------+-------+-------+-------++-------
   Fire: Sling             |   117 |   136 |   187 |       |       ||   440
         Orcbow            |       |       |    96 |       |       ||    96
         Triple crossbow   |       |       |    43 |   417 |   649 ||  1109
 Invoke: Heroism           |       |       |    10 |    20 |    30 ||    60
         Finesse           |       |       |       |     2 |     7 ||     9
    Use: Scroll            |     2 |     2 |    10 |    10 |    11 ||    35
         Potion            |       |     2 |     5 |     3 |     5 ||    15
 Armour: Leather armour    |     8 |    61 |    15 |       |       ||    84
         Robe              |     2 |       |       |       |       ||     2
         Ring mail         |       |       |    79 |   169 |   239 ||   487
  Dodge: Dodged            |    29 |    50 |   190 |   453 |   617 ||  1339

Table legend:
 A = Non-vault XP
 B = Vault XP
 C = Vault XP percentage of total XP
 D = Non-vault monster count
 E = Vault monster count
 F = Vault count percentage of total count
                 A         B        C        D         E       F
            +---------+---------+-------+---------+---------+-------
      Total |   75816 |   33117 |  30.4 |     406 |     151 |  27.1
            +---------+---------+-------+---------+---------+-------
        D:1 |      34 |      14 |  29.2 |      16 |      13 |  44.8
        D:2 |      50 |       0 |   0.0 |      15 |       0 |   0.0
        D:3 |     131 |       0 |   0.0 |      23 |       0 |   0.0
        D:4 |     206 |     533 |  72.1 |      19 |      17 |  47.2
        D:5 |     457 |       0 |   0.0 |      14 |       0 |   0.0
        D:6 |    1121 |     214 |  16.0 |      14 |       1 |   6.7
        D:7 |     658 |     238 |  26.6 |      15 |       2 |  11.8
        D:8 |    1061 |     454 |  30.0 |       8 |       2 |  20.0
        D:9 |    1194 |    2710 |  69.4 |      16 |       5 |  23.8
       D:10 |    2377 |    1138 |  32.4 |      16 |       2 |  11.1
       D:11 |    5604 |      71 |   1.3 |      25 |       2 |   7.4
       D:12 |    7775 |     215 |   2.7 |      29 |       1 |   3.3
       D:13 |    8582 |    3356 |  28.1 |      23 |      11 |  32.4
       D:14 |    4855 |       0 |   0.0 |      10 |       0 |   0.0
       D:15 |   10055 |    1797 |  15.2 |      26 |       2 |   7.1
     Lair:1 |    4854 |    1467 |  23.2 |      22 |       6 |  21.4
     Lair:2 |    1981 |       0 |   0.0 |      10 |       0 |   0.0
     Lair:3 |   11927 |    3180 |  21.0 |      38 |       7 |  15.6
     Lair:4 |    5588 |    1171 |  17.3 |      18 |       7 |  28.0
     Lair:5 |    3846 |    9789 |  71.8 |       8 |      26 |  76.5
      Orc:1 |    1178 |    1567 |  57.1 |      20 |       9 |  31.0
      Orc:2 |    2282 |    5203 |  69.5 |      21 |      38 |  64.4
            +---------+---------+-------+---------+---------+-------
